 Dungeon Crawl Stone Soup version 0.26.1-11-gd32895ea62 (webtiles) character file.

Game seed: 8228094467694132558

582 alphawulf the Archer (level 7, 7/56 HPs)
             Began as a Gnoll Hunter on June 6, 2021.
             Quit the game on level 4 of the Dungeon.
             The game lasted 00:10:55 (2937 turns).

alphawulf the Archer (Gnoll Hunter)                 Turns: 2937, Time: 00:10:56

Health: 7/56       AC:  3    Str: 22    XL:     7   Next: 36%
Magic:  10/10      EV: 15    Int: 13    God:
Gold:   125        SH:  0    Dex: 16    Spells: 10/10 levels left

rFire    . . .     SeeInvis .   b - +2 scythe (flame)
rCold    . . .     Faith    .   (shield currently unavailable)
rNeg     . . .     Spirit   .   c - +0 leather armour
rPois    .         Reflect  .   (no helmet)
rElec    .         Harm     .   (no cloak)
rCorr    .         Rampage  .   (no gloves)
Will     .....                  (no boots)
Stlth    ++........             (no amulet)
HPRegen  0.18/turn              e - +6 ring of strength
MPRegen  0.12/turn              (no ring)

@: slowed, very slow
A: distributed training, fangs 1, strong nose
a: no special abilities


You were on level 4 of the Dungeon.
You visited 1 branch of the dungeon, and saw 4 of its levels.
You also visited: Ossuary.

You collected 125 gold pieces.

Inventory:

Hand Weapons
 a - a +1 shortbow
 b - a +2 scythe of flaming (weapon)
Missiles
 d - 64 arrows
Armour
 c - a +0 leather armour (worn)
Jewellery
 e - a +6 ring of strength (left hand)
Wands
 g - a wand of random effects (20)
 p - a wand of disintegration (12)
 t - a wand of flame (26)
Scrolls
 i - a scroll of fog
 k - 2 scrolls of immolation
 o - 2 scrolls of enchant weapon {unknown}
 r - a scroll of random uselessness {unknown}
 s - a scroll of remove curse
Potions
 f - a potion of curing
 h - a potion of attraction
 j - a potion of brilliance {unknown}
 l - a potion of degeneration {unknown}
 n - a potion of ambrosia
 u - a potion of flight {unknown}
 v - a potion of berserk rage {unknown}


   Skills:
 + Level 5.2 Fighting
 + Level 2.4 Short Blades
 + Level 2.4 Long Blades
 + Level 2.4 Axes
 + Level 2.4 Maces & Flails
 + Level 2.4 Polearms
 + Level 2.4 Staves
 + Level 2.4 Slings
 + Level 8.9 Bows
 + Level 2.4 Crossbows
 + Level 2.4 Throwing
 + Level 2.4 Armour
 + Level 5.2 Dodging
 + Level 3.4 Stealth
 + Level 2.4 Shields
 + Level 2.4 Unarmed Combat
 + Level 2.4 Spellcasting
 + Level 2.0 Conjurations
 + Level 2.0 Hexes
 + Level 2.0 Summonings
 + Level 2.0 Necromancy
 + Level 2.0 Translocations
 + Level 2.0 Transmutations
 + Level 2.0 Fire Magic
 + Level 2.0 Ice Magic
 + Level 2.0 Air Magic
 + Level 2.0 Earth Magic
 + Level 2.0 Poison Magic
 + Level 2.7 Invocations
 + Level 2.4 Evocations


You had 10 spell levels left.
You didn't know any spells.
Your spell library was empty.

Dungeon Overview and Level Annotations

Branches:
Dungeon (4/15)            Ossuary (visited)
 Temple: D:4-7

Altars:
Dithmenos
The Shining One


Innate Abilities, Weirdness & Mutations

Your experience applies equally to all skills.
You have very sharp teeth.
Your uncanny sense of smell can sniff out nearby items.


Message History

There is an open gate here.
The wraith hits you.
* * * LOW HITPOINT WARNING * * *
The wraith hits you.
* * * LOW HITPOINT WARNING * * *
The wraith closely misses you.
You feel better. The wraith barely misses you. The wraith misses you.
The wraith hits you but does no damage. The wraith misses you.
There is an open gate here.
The wraith barely misses you.
There is a gate leading back out of this place here.
The wraith hits you!
* * * LOW HITPOINT WARNING * * *
The wraith drains your vigour!
You feel as though you will be slow longer.
The wraith closely misses you.
Welcome back to the Dungeon!
There is a collapsed entrance here.
Are you sure you want to abandon this character and quit the game? (Confirm with "yes".)

#.§§§#........###....##
#§§...#####..#####...##
##§.'#######'.## #....##
##§#...#...#..####....##
###.>.#.>.##..####....#
#...#...##....#.....#
###########.........#
#...#...# ##......<##
.>.#.@.# ##......####
#...#..W## #..........
∆+#######'# ##.........
#.>####..........
#................
#...............÷
#................
#.................
#..................


You could see a wraith.

Vanquished Creatures
  Sigmund (D:4)
  A phantom (D:4)
  2 orc priests
  Ijyb (D:3)
  3 worker ants
  A mummy (Ossuary)
  A gnoll (D:1)
  7 adders
  2 worms
  3 dart slugs
  2 leopard geckos
  3 orcs (D:2)
  8 bats
  6 giant cockroaches
  10 goblins
  5 hobgoblins
  10 jackals
  5 kobolds
  A quokka (D:4)
  6 frilled lizards
  A gnoll skeleton (Ossuary)
  4 kobold skeletons (Ossuary)
  4 orc skeletons (Ossuary)
  9 rats
96 creatures vanquished.

Notes
Turn   | Place    | Note
-------+----------+-------------------------------------------
     0 | D:1      | alphawulf the Gnoll Hunter began the quest for the Orb.
     0 | D:1      | Reached XP level 1. HP: 20/20 MP: 1/1
    24 | D:1      | Reached XP level 2. HP: 26/26 MP: 2/2
   355 | D:1      | Reached XP level 3. HP: 31/31 MP: 3/3
   756 | D:1      | Reached skill level 1 in Invocations
   963 | D:2      | Reached skill level 1 in Short Blades
   963 | D:2      | Reached skill level 1 in Long Blades
   963 | D:2      | Reached skill level 1 in Axes
   963 | D:2      | Reached skill level 1 in Maces & Flails
   963 | D:2      | Reached skill level 1 in Polearms
   963 | D:2      | Reached skill level 1 in Staves
   963 | D:2      | Reached skill level 1 in Slings
   963 | D:2      | Reached skill level 1 in Crossbows
   963 | D:2      | Reached skill level 1 in Throwing
   963 | D:2      | Reached skill level 1 in Armour
   963 | D:2      | Reached skill level 1 in Shields
   963 | D:2      | Reached skill level 1 in Unarmed Combat
   963 | D:2      | Reached skill level 1 in Spellcasting
   963 | D:2      | Reached skill level 1 in Evocations
   963 | D:2      | Reached XP level 4. HP: 38/38 MP: 5/5
  1048 | D:2      | Reached skill level 1 in Conjurations
  1048 | D:2      | Reached skill level 1 in Hexes
  1048 | D:2      | Reached skill level 1 in Summonings
  1048 | D:2      | Reached skill level 1 in Necromancy
  1048 | D:2      | Reached skill level 1 in Translocations
  1048 | D:2      | Reached skill level 1 in Transmutations
  1048 | D:2      | Reached skill level 1 in Fire Magic
  1048 | D:2      | Reached skill level 1 in Ice Magic
  1048 | D:2      | Reached skill level 1 in Air Magic
  1048 | D:2      | Reached skill level 1 in Earth Magic
  1048 | D:2      | Reached skill level 1 in Poison Magic
  1097 | D:2      | Found a glowing golden altar of the Shining One.
  1281 | D:2      | Reached XP level 5. HP: 35/43 MP: 6/6
  1489 | D:2      | Found a shadowy altar of Dithmenos.
  1667 | D:3      | Reached XP level 6. HP: 17/50 MP: 8/8
  2078 | D:3      | Noticed Ijyb
  2095 | D:3      | Killed Ijyb
  2412 | D:4      | Reached skill level 5 in Fighting
  2412 | D:4      | Reached skill level 5 in Dodging
  2436 | D:4      | Noticed a phantom
  2456 | D:4      | Killed a phantom
  2642 | D:4      | Noticed Sigmund
  2649 | D:4      | Killed Sigmund
  2650 | D:4      | Reached XP level 7. HP: 44/56 MP: 10/10
  2765 | D:4      | Found a sand-covered staircase.
  2810 | Ossuary  | Entered an ossuary
  2810 | Ossuary  | Noticed a wraith
  2810 | Ossuary  | Noticed a wraith
  2810 | Ossuary  | Noticed a wraith
  2886 | Ossuary  | Noticed a wraith
  2937 | D:4      | Quit the game

Illustrated notes

Levels and vault maps discovered:
D:1:      dpeg_arrival_orchard, layout_basic
D:2:      layout_rooms, nicolae_dithmenos_through_a_glass_darkly, tso_altar,
          feat_on_display
D:3:      layout_rooms, minmay_pentomino_pile, uniq_ijyb
D:4:      layout_layer_cave, minmay_temple_entry_wispy,
          nicolae_ossuary_entry_false_entrances, uniq_sigmund

Skill      XL: |  1  2  3  4  5  6 |
---------------+-------------------+-----
Invocations    | 1 2 |  2.7
Short Blades   | 1 2 |  2.4
Long Blades    | 1 2 |  2.4
Axes           | 1 2 |  2.4
Maces & Flails | 1 2 |  2.4
Polearms       | 1 2 |  2.4
Staves         | 1 2 |  2.4
Slings         | 1 2 |  2.4
Crossbows      | 1 2 |  2.4
Throwing       | 1 2 |  2.4
Armour         | 1 2 |  2.4
Shields        | 1 2 |  2.4
Unarmed Combat | 1 2 |  2.4
Spellcasting   | 1 2 |  2.4
Evocations     | 1 2 |  2.4
Conjurations   | 1 2 |  2.0
Hexes          | 1 2 |  2.0
Summonings     | 1 2 |  2.0
Necromancy     | 1 2 |  2.0
Translocations | 1 2 |  2.0
Transmutations | 1 2 |  2.0
Fire Magic     | 1 2 |  2.0
Ice Magic      | 1 2 |  2.0
Air Magic      | 1 2 |  2.0
Earth Magic    | 1 2 |  2.0
Poison Magic   | 1 2 |  2.0
Stealth        | 3 |  3.4
Fighting       | 5 |  5.2
Dodging        | 5 |  5.2
Bows           | |  8.9

Action                   |  1- 3 |  4- 6 |  7- 9 || total
-------------------------+-------+-------+-------++-------
Melee: Short sword       |     6 |    32 |       ||    38
       Bite              |       |     6 |     3 ||     9
       Dagger            |       |    37 |       ||    37
       Scythe            |       |       |    10 ||    10
 Fire: Shortbow          |    47 |   106 |    14 ||   167
  Use: Scroll            |       |     1 |     9 ||    10
       Potion            |       |       |     2 ||     2
Armor: Leather armour    |       |    11 |     3 ||    14
Dodge: Dodged            |     8 |    51 |    18 ||    77
